 Dungeon Crawl Stone Soup version 0.21-a0-404-g291f19a (webtiles) character file.

149072 rjrrt the Executioner (level 16, -5/231 HPs)
             Began as a Minotaur Berserker on Oct 28, 2017.
             Was the Champion of Trog.
             Slain by a spark wasp (18 damage)
             ... on level 1 of the Depths on Oct 29, 2017.
             The game lasted 01:04:37 (25029 turns).

rjrrt the Executioner (Minotaur Berserker)         Turns: 25029, Time: 01:04:37

Health: -5/231     AC: 34    Str: 32    XL:     16   Next: 95%
Magic:  15/15      EV: 13    Int:  3    God:    Trog [******]
Gold:   2131       SH:  0    Dex: 12    Spells: 15/15 levels left

rFire    + . .     SeeInvis .   f - +9 executioner's axe (flame)
rCold    + . .     Gourm    .   (shield currently unavailable)
rNeg     + . .     Faith    .   H - +4 plate armour {rF+}
rPois    +         Spirit   .   n - +2 hat
rElec    .         Reflect  .   D - +2 ratskin cloak {+Rats rPois rN+ Str-1 Int-1 Dex+1}
rCorr    .         Harm     .   Z - +2 pair of gloves
MR       ++...                  j - +2 pair of boots {Fly}
Stlth    ..........             E - amulet of regeneration
HPRegen  0.88/turn              Y - ring of protection from cold
MPRegen  0.14/turn              k - ring of protection from magic

@: berserking, flying, very quick
A: retaliatory headbutt, horns 2
a: Berserk, Trog's Hand, Brothers in Arms, Burn Spellbooks, Renounce Religion,
Evoke Ratskin, Stop Flying


You were on level 1 of the Depths.
You worshipped Trog.
Trog was exalted by your worship.
You were not hungry.

You visited 4 branches of the dungeon, and saw 24 of its levels.
You also visited: Labyrinth, Sewer and Volcano.

You collected 2861 gold pieces.
You spent 730 gold pieces at shops.

Inventory:

Hand Weapons
 f - a +9 executioner's axe of flaming (weapon)
 m - a +3 antimagic executioner's axe
 F - the +3 battleaxe of Tender Mercy {venom, rC+ Int+5}
   (Trog gifted it to you on level 12 of the Dungeon)

   It poisons the flesh of those it strikes.
   It affects your intelligence (+5).
   It protects you from cold.
Missiles
 w - 6 javelins (quivered)
 K - a throwing net
Armour
 j - a +2 pair of boots of flying (worn)
 n - a +2 hat (worn)
 D - the +2 ratskin cloak (worn) {+Rats rPois rN+ Str-1 Int-1 Dex+1}
   (You acquired it on level 9 of the Dungeon)

   It affects your strength (-1).
   It affects your intelligence (-1).
   It affects your dexterity (+1).
   It protects you from poison.
   It protects you from negative energy.
 H - a +4 plate armour of fire resistance (worn)
 Z - a +2 pair of gloves (worn)
Jewellery
 g - an uncursed ring of teleportation
 k - a ring of protection from magic (right hand)
 B - an uncursed ring of protection from fire
 E - an amulet of regeneration (around neck)
 Y - a ring of protection from cold (left hand)
Wands
 a - a wand of polymorph (11/24)
 e - a wand of lightning (10/15)
 r - a wand of acid (14/15)
 v - a wand of scattershot (4/9)
 y - a wand of iceblast (7/15)
 L - a wand of digging (13/24)
 N - a wand of scattershot (4/9)
 Q - a wand of acid (10/15)
Scrolls
 t - 2 scrolls of fog
 x - 13 scrolls of remove curse
 z - 3 scrolls of blinking
 G - 9 scrolls of teleportation
 O - a scroll of brand weapon
 P - 2 scrolls of identify
 T - 2 scrolls of magic mapping
 U - a scroll of silence
 V - a scroll of fear
Potions
 h - 7 potions of heal wounds
 l - 12 potions of curing
 o - 2 potions of ambrosia
 p - 5 potions of agility
 q - 2 potions of might
 I - 3 potions of lignification
 J - a potion of mutation
 R - a potion of invisibility
 S - a potion of haste
 W - a potion of resistance
Comestibles
 b - 6 chunks of flesh
 i - 15 meat rations
 u - 8 royal jellies
 A - 20 bread rations


   Skills:
 + Level 16.8 Fighting
 * Level 23.3 Axes
 + Level 16.6 Armour
 + Level 10.1 Dodging


You had 15 spell levels left.
You didn't know any spells.

Dungeon Overview and Level Annotations

Branches:
Dungeon (15/15)            Temple (0/1) D:7            Lair (6/6) D:9
 Shoals (0/4) Lair:4        Snake (0/4) Lair:3        Slime (0/5) Lair:5
    Orc (2/2) D:12            Elf (0/3) Orc:2        Vaults (0/5) D:14
 Depths (1/5) D:15

Altars:
Dithmenos
Elyvilon
Gozag
Hepliaklqana
Kikubaaqudgha
Makhleb
Nemelex Xobeh
Okawaru
Qazlal
Ru
Uskayaw
Wu Jian
Xom
The Shining One
Jiyva

Shops:
Orc:2 !?((([*:   Depths:1 !

Annotations:
D:7 1 runed door


Innate Abilities, Weirdness & Mutations

You reflexively headbutt those who attack you in melee.
You have a pair of horns on your head.


Message History

The spark wasp shocks you! The spark wasp barely misses you.
The spark wasp stings you!
* * * LOW HITPOINT WARNING * * *
The spark wasp shocks you!
* * * LOW HITPOINT WARNING * * *
Unknown command.
A red film seems to cover your vision as you go berserk!
You feel yourself moving faster!
You feel mighty!
You feel quite a bit more hungry. The spark wasp stings you!!
* * * LOW HITPOINT WARNING * * *
The spark wasp shocks you!
* * * LOW HITPOINT WARNING * * *
The great orb of eyes gazes at you. You resist with almost no effort.
The spark wasp stings you but does no damage. x2
You miss the spark wasp.
The spark wasp is lightly wounded.
You slice the spark wasp!! You burn the spark wasp.
The spark wasp closely misses you. The spark wasp stings you!!
You die...

######### ........#
##########
........####./......#
........##..........#
.......y#.>#.......[####
.....5y@'.##...........#
........####........##..
.......## #........####
≈≈≈≈≈.. ##.#######
≈##∩≈≈. #......# ###≈.
######+# #≈. #≈. # ..


You could see 2 spark wasps and a white imp.

Vanquished Creatures
  Nikola (Depths:1)
  Gastronok (Lair:2)
  2 ettins
  3 fire dragons
  A minotaur (Lab)
  A great orb of eyes (Depths:1)
  6 ogre magi
  7 hydras
  Erolcha (D:10)
  The ghost of vladimirx the Magician, a journeyman GnWr of Okawaru (Lair:1)
  3 catoblepae (Lair:6)
  7 centaur warriors
  33 two-headed ogres
  A tengu warrior (D:14)
  A deep troll shaman (Depths:1)
  2 deep troll earth magi (Depths:1)
  15 death yaks
  An orc high priest (Orc:1)
  The ghost of Maimakterion the Fighter, a novice DrAE of Sif Muna (D:9)
  2 iron trolls (Depths:1)
  6 skeletal warriors
  An unseen horror (D:14)
  2 wizards (D:15)
  5 deep trolls
  A necromancer (D:14)
  A wolf spider zombie (D:15)
  6 deep elf magi
  4 orc knights
  An orc sorcerer (Orc:1)
  25 ugly things
  3 cyclopes
  3 salamanders (Volcano)
  3 manticores
  A faun (shapeshifter) (Depths:1)
  Joseph (D:8)
  An ice statue (D:13)
  2 black mambas
  6 elephants
  Maurice (D:8)
  A gargoyle (D:13)
  A torpor snail (Lair:3)
  A komodo dragon (shapeshifter) (Depths:1)
  13 spiny frogs
  3 rime drakes
  7 komodo dragons
  An ice devil (D:13)
  3 yaktaurs
  2 tengu conjurers
  A meliai (shapeshifter) (D:13)
  4 trolls
  4 meliai
  3 polar bears (D:13)
  8 slime creatures
  2 hornets
  Grinder (D:5)
  41 blink frogs
  10 hippogriffs
  Prince Ribbit (D:7)
  2 meliai zombies
  6 dream sheep (Lair:5)
  3 shadows
  A centaur simulacrum (D:14)
  A vampire (D:15)
  6 wyverns
  A spriggan (D:8)
  4 wraiths
  5 water elementals
  2 fire bats (Volcano)
  48 yaks
  A steam dragon (Volcano)
  3 basilisks
  3 wargs
  5 swamp worms (Lair:4)
  4 nagas (Lair:3)
  A soldier ant (D:15)
  9 porcupines
  6 water moccasins
  A sky beast (D:15)
  22 orc warriors
  A black bear (D:13)
  2 eyes of draining
  8 ice beasts
  3 boggarts (D:15)
  A necrophage (D:12)
  6 phantoms
  41 ogres
  20 wolves
  11 centaurs
  22 crocodiles
  A big kobold (D:5)
  24 bullfrogs
  A wyvern zombie (D:10)
  5 scorpions
  5 wyvern skeletons
  7 killer bees
  6 wights
  2 electric eels
  4 centaur zombies
  4 bullfrog zombies
  12 crimson imps
  A jelly (D:6)
  A quasit (D:7)
  13 hounds
  A bullfrog skeleton (D:13)
  16 orc priests
  4 centaur skeletons
  4 iguanas
  24 orc wizards
  16 worker ants
  2 hound skeletons
  18 adders
  8 gnolls
  A howler monkey skeleton (D:6)
  10 shadow imps
  13 oozes
  3 adder zombies
  An adder skeleton (D:9)
  17 worms
  3 dart slugs
  16 leopard geckos
  52 orcs
  13 ball pythons (Sewer)
  5 bats
  20 giant cockroaches
  5 goblins
  8 hobgoblins
  5 jackals (D:5)
  9 quokkas
  A ball python skeleton (D:5)
  7 frilled lizards
  30 kobolds
  A leopard gecko skeleton (D:7)
  2 quokka skeletons
  4 rats
  3 fungi
  31 plants
958 creatures vanquished.

Vanquished Creatures (collateral kills)
  The ghost of DocClef the Blocker, a journeyman GnFi of Okawaru (Volcano)
  The ghost of dolemite99 the Cleaver, a journeyman NaFi of Hepliaklqana (D:12)
  2 two-headed ogres (Volcano)
  A fire bat (Volcano)
  A wyvern (Volcano)
6 creatures vanquished.

Vanquished Creatures (others)
  5 dream sheep (Lair:2)
  A bush (Lair:3)
  6 fungi (Lair:3)
  32 plants
44 creatures vanquished.

Grand Total: 1008 creatures vanquished

Notes
Turn   | Place    | Note
-------+----------+-------------------------------------------
     0 | D:1      | rjrrt the Minotaur Berserker began the quest for the Orb.
     0 | D:1      | Reached XP level 1. HP: 19/19 MP: 0/0
    71 | D:1      | Reached skill level 4 in Axes
    75 | D:1      | Reached XP level 2. HP: 9/26 MP: 1/1
   458 | D:1      | Reached skill level 5 in Axes
   458 | D:1      | Reached XP level 3. HP: 25/31 MP: 2/2
   750 | D:2      | Reached XP level 4. HP: 35/39 MP: 3/3
   764 | D:2      | Reached skill level 6 in Axes
   831 | D:2      | You fall through a shaft!
   850 | D:3      | Reached ** piety under Trog
  1072 | D:3      | Found a sparkling altar of Nemelex Xobeh.
  1072 | D:3      | Found a stormy altar of Qazlal.
  1637 | D:4      | Reached skill level 7 in Axes
  1637 | D:4      | Reached XP level 5. HP: 45/45 MP: 4/4
  1663 | D:4      | Noticed an ogre
  1675 | D:4      | Killed an ogre
  1675 | D:4      | Reached skill level 8 in Axes
  1960 | D:4      | Reached XP level 6. HP: 46/51 MP: 5/5
  2108 | D:4      | Reached *** piety under Trog
  2172 | D:4      | Reached skill level 9 in Axes
  2259 | D:4      | Found an ancient bone altar of Kikubaaqudgha.
  2267 | D:4      | Reached XP level 7. HP: 57/57 MP: 6/6
  2418 | D:5      | Entered Level 5 of the Dungeon
  2422 | D:5      | Noticed Grinder
  2475 | D:5      | Reached skill level 10 in Axes
  2477 | D:5      | Killed Grinder
  2686 | D:5      | Found a glowing golden altar of the Shining One.
  2768 | D:5      | Reached XP level 8. HP: 55/67 MP: 7/7
  2899 | D:5      | Reached **** piety under Trog
  2899 | D:5      | Reached skill level 5 in Fighting
  2941 | D:5      | Reached skill level 11 in Axes
  3073 | D:5      | Found a burning altar of Makhleb.
  3115 | D:5      | Found an ornate altar of the Wu Jian Council.
  3928 | D:6      | Found an opulent altar of Gozag.
  3940 | D:6      | Reached skill level 5 in Armour
  4309 | D:6      | Found a glowing drain.
  4326 | Sewer    | Entered a sewer
  4453 | Sewer    | Reached ***** piety under Trog
  4561 | Sewer    | Reached skill level 12 in Axes
  4659 | Sewer    | Received a gift from Trog
  4698 | Sewer    | Reached XP level 9. HP: 61/78 MP: 8/8
  5257 | D:7      | Found a hazy altar of Hepliaklqana.
  5496 | D:7      | Found a runed door.
  5496 | D:7      | Found a glowing golden altar of the Shining One.
  5496 | D:7      | Noticed an angel
  5855 | D:7      | Found a shadowy altar of Dithmenos.
  5922 | D:7      | Reached skill level 13 in Axes
  5968 | D:7      | Found a staircase to the Ecumenical Temple.
  6325 | D:7      | Noticed Prince Ribbit
  6335 | D:7      | Killed Prince Ribbit
  6502 | D:8      | Noticed Maurice
  6516 | D:8      | Killed Maurice
  6844 | D:8      | Noticed a two-headed ogre
  6847 | D:8      | Reached XP level 10. HP: 88/88 MP: 9/9
  6853 | D:8      | Killed a two-headed ogre
  6938 | D:8      | Reached skill level 14 in Axes
  7081 | D:8      | Received a gift from Trog
  7126 | D:8      | Found a white marble altar of Elyvilon.
  7342 | D:8      | Noticed Joseph
  7358 | D:8      | Killed Joseph
  7371 | D:8      | Found an iron altar of Okawaru.
  7394 | D:8      | Found a sacrificial altar of Ru.
  7449 | D:8      | Identified a scroll of acquirement
  8054 | D:9      | Found the +2 ratskin cloak {+Rats rPois rN+ Str-1 Int-1 Dex+1}
  8153 | D:9      | Noticed Maimakterion's ghost (novice DrAE)
  8163 | D:9      | Killed Maimakterion's ghost
  8251 | D:9      | Reached skill level 15 in Axes
  8270 | D:9      | Found a hide-covered altar of Uskayaw.
  8400 | D:9      | Found a staircase to the Lair.
  8440 | D:9      | Reached XP level 11. HP: 97/99 MP: 10/10
  8929 | Lair:1   | Entered Level 1 of the Lair of Beasts
  8929 | Lair:1   | Noticed vladimirx's ghost (journeyman GnWr)
  9057 | Lair:1   | Noticed a six-headed hydra
  9077 | D:9      | Reached skill level 10 in Fighting
  9259 | Lair:1   | Killed a six-headed hydra
  9426 | Lair:1   | Reached skill level 10 in Armour
  9629 | Lair:1   | Reached skill level 16 in Axes
  9639 | Lair:1   | Received a gift from Trog
  9692 | Lair:1   | Noticed an eight-headed hydra
  9704 | Lair:1   | Killed an eight-headed hydra
  9786 | Lair:1   | Noticed a six-headed hydra
  9798 | Lair:1   | Killed a six-headed hydra
  9950 | Lair:1   | Killed vladimirx's ghost
  9991 | Lair:1   | Reached XP level 12. HP: 83/110 MP: 11/11
 10481 | Lair:2   | Reached skill level 17 in Axes
 10568 | Lair:2   | Found a dark tunnel.
 10581 | Volcano  | Entered a volcano
 10626 | Volcano  | Noticed a two-headed ogre
 10632 | Volcano  | Killed a two-headed ogre
 10696 | Volcano  | Noticed DocClef's ghost (journeyman GnFi)
 10701 | Volcano  | Noticed a two-headed ogre
 10714 | Volcano  | Killed DocClef's ghost
 10716 | Volcano  | Killed a two-headed ogre
 10733 | Volcano  | Noticed a two-headed ogre
 10735 | Volcano  | Killed a two-headed ogre
 10735 | Volcano  | Reached skill level 18 in Axes
 10739 | Volcano  | Noticed a two-headed ogre
 10795 | Volcano  | Killed a two-headed ogre
 10973 | Volcano  | Noticed a fire dragon
 10978 | Volcano  | Killed a fire dragon
 11251 | Lair:2   | Noticed Gastronok
 11258 | Lair:2   | Killed Gastronok
 11258 | Lair:2   | Received a gift from Trog
 11258 | Lair:2   | Reached XP level 13. HP: 92/119 MP: 12/12
 11567 | Lair:2   | Found a shimmering altar of Xom.
 11949 | Lair:3   | Found a staircase to the Snake Pit.
 12147 | Lair:3   | Reached skill level 19 in Axes
 12186 | Lair:3   | Found a labyrinth entrance.
 12206 | Lab      | Entered a labyrinth
 13202 | Lab      | Noticed a minotaur
 13212 | Lab      | Killed a minotaur
 13266 | Lair:3   | Got a warped scale mail
 14616 | Lair:4   | Found a staircase to the Shoals.
 15432 | Lair:5   | Reached XP level 14. HP: 120/132 MP: 13/13
 15439 | Lair:5   | Reached skill level 20 in Axes
 15581 | Lair:5   | Found a viscous altar of Jiyva.
 15583 | Lair:5   | Found a staircase to the Slime Pits.
 16160 | Lair:6   | Entered Level 6 of the Lair of Beasts
 16190 | Lair:6   | Reached ****** piety under Trog
 16909 | Lair:6   | Received a gift from Trog
 17639 | Lair:6   | Reached skill level 5 in Dodging
 17963 | D:10     | Entered Level 10 of the Dungeon
 18281 | D:10     | Noticed Erolcha
 18287 | D:10     | Killed Erolcha
 18366 | D:10     | Reached skill level 21 in Axes
 19208 | D:12     | Noticed dolemite99's ghost (journeyman NaFi)
 19228 | D:12     | Killed dolemite99's ghost
 19300 | D:12     | Found a staircase to the Orcish Mines.
 19306 | D:12     | Reached skill level 15 in Fighting
 19385 | D:12     | Found a white marble altar of Elyvilon.
 19659 | D:12     | Received a gift from Trog
 19664 | D:12     | Got a steaming battleaxe {god gift}
 19671 | D:12     | Identified the +3 battleaxe of Tender Mercy {venom, rC+ Int+5} (Trog gifted it to you on level 12 of the Dungeon)
 19838 | D:12     | Reached XP level 15. HP: 123/141 MP: 14/14
 19969 | D:12     | Found a sacrificial altar of Ru.
 20061 | Orc:1    | Entered Level 1 of the Orcish Mines
 20593 | Orc:2    | Entered Level 2 of the Orcish Mines
 20593 | Orc:2    | Found Feaciy's Book Boutique.
 20748 | Orc:2    | Found Oxufaf's Antique Weapon Shoppe.
 20751 | Orc:2    | Found Bizaw's Weapon Emporium.
 20792 | Orc:2    | Found Kiothrama's Distillery.
 20818 | Orc:2    | Bought a potion of curing for 45 gold pieces
 20818 | Orc:2    | Bought a potion of haste for 150 gold pieces
 20818 | Orc:2    | Bought a potion of heal wounds for 75 gold pieces
 20818 | Orc:2    | Bought a potion of curing for 45 gold pieces
 20887 | Orc:2    | Found a staircase to the Elven Halls.
 20902 | Orc:2    | Found Xics's Magic Scroll Shop.
 20915 | Orc:2    | Bought a scroll of teleportation for 45 gold pieces
 21076 | Orc:2    | Reached skill level 15 in Armour
 21124 | Orc:2    | Received a gift from Trog
 21142 | Orc:2    | Found Magug's Weapon Shop.
 21142 | Orc:2    | Found Fyxzol's Weapon Emporium.
 21145 | Orc:2    | Found Kegrosepn's General Store.
 21145 | Orc:2    | Found Guify's Antique Armour Shop.
 21178 | Orc:2    | Bought a scroll of blinking for 97 gold pieces
 21178 | Orc:2    | Bought 2 scrolls of magic mapping for 91 gold pieces
 21858 | D:13     | Reached skill level 22 in Axes
 22449 | D:14     | Found a gate to the Vaults.
 22553 | D:14     | Received a gift from Trog
 22789 | D:14     | Reached XP level 16. HP: 149/151 MP: 15/15
 23098 | D:15     | Entered Level 15 of the Dungeon
 23595 | D:15     | Received a gift from Trog
 23928 | D:15     | Found a staircase to the Depths.
 24083 | D:15     | Reached skill level 23 in Axes
 24264 | Depths:1 | Entered Level 1 of the Depths
 24552 | Depths:1 | Found Zetaghua's Distillery.
 24557 | Depths:1 | Bought a potion of resistance for 140 gold pieces
 24557 | Depths:1 | Bought a potion of curing for 42 gold pieces
 24577 | Depths:1 | Noticed Nikola
 24586 | Depths:1 | Killed Nikola
 24786 | Depths:1 | Reached skill level 10 in Dodging
 25029 | Depths:1 | Slain by a spark wasp

Vault maps used:
D:1:      dpeg_arrival_rooms_c
D:3:      gammafunk_temple_overflow_wave, first_bread
D:4:      lemuel_round_altar, kennysheep_generic_room_12
D:5:      kennysheep_kobold_camp, old_standard_altar, lemuel_round_altar,
          serial_bayou, serial_bayou_shore_a, serial_bayou_pond_b,
          serial_bayou_crossing, serial_bayou_lake_a, serial_bayou_pond_d,
          serial_bayou_pond_d, nrook_mini_vaults, minmay_ruined_shrine,
          uniq_grinder
D:6:      grunt_gozag_breadcrumbs, cheibrodos_sewer_entry_bend,
          minmay_crystal_water
D:7:      lemuel_crystal_altar, lemuel_coloured_pillars_altar, temple_green,
          lemuel_angel_altar, uniq_prince_ribbit1
D:8:      nicolae_overflow_crystal_walls, kennysheep_mini,
          nicolae_ru_great_annihilating_truth, corexii_hall_statues_l,
          the_bakery, uniq_maurice, uniq_joseph
D:9:      overflow_temple_1_default, erik_lair_island, bh_walls_and_bars
D:10:     minmay_joined_circles, uniq_erolcha
D:11:     nicolae_underground_beach
D:12:     david_orc_3, kennysheep_flooded_box, elyvilon_altar_1
D:13:     hangedman_cross_cluster, ice2_lemuel
D:14:     david_vaults_4, fountainhead, minmay_stone_trees_small,
          lightli_minifort
D:15:     grunt_enter_depths_magical_seal
Lair:1:   nzn_random_ring
Lair:2:   nicolae_volcano_entry_lava_flow, kb_xom_exploding_sheep,
          grunt_megastairs_3, uniq_gastronok
Lair:3:   minmay_snake_entry_guardpost_small, lab_entry_generic, st_stairs_13
Lair:4:   wad_woods_structure_01, shoals_dummy_entry, worms_lemuel
Lair:5:   slime_altar_1
Lair:6:   evilmike_catoblepas_cave, st_stairs_9, lemuel_fruit_tree
Orc:2:    st_orc_ogre_mass, serial_shops, nicolae_shop_statue_plus, shop, shop,
          shop_statue, shop
Depths:1: hangedman_coc_ice_floe, grunt_pan_entry_spiral, serial_shops,
          kennysheep_little_box, kennysheep_generic_room_14,
          hangedman_decor_cross_pass, uniq_nikola
Lab:      nicolae_lab_quarters
Sewer:    sewer_frog_island_02
Volcano:  pf_volcano_lost_world

Skill      XL: |  1  2  3  4  5  6  7  8  9 10 11 12 13 14 15 16 |
---------------+-------------------------------------------------+-----
Axes           | 4 5 7 8 9 10 12 13 15 16 18 19 21 22 23 | 23.3
Fighting       | 4 6 8 9 11 12 14 15 16 | 16.8
Armour         | 3 5 7 9 10 12 13 14 15 16 | 16.6
Dodging        | 3 6 8 10 | 10.1

Action                   |  1- 3 |  4- 6 |  7- 9 | 10-12 | 13-15 | 16-18 || total
-------------------------+-------+-------+-------+-------+-------+-------++-------
Melee: Hand axe          |    47 |   114 |   287 |       |       |       ||   448
       Headbutt          |    10 |    24 |    85 |    92 |   238 |    73 ||   522
       War axe           |       |       |   142 |   209 |       |       ||   351
       Battleaxe         |       |       |       |   189 |   950 |       ||  1139
       Dire flail        |       |       |       |    20 |       |       ||    20
       Great mace        |       |       |       |       |     7 |       ||     7
       Executioner's axe |       |       |       |       |   150 |   295 ||   445
Throw: Javelin           |       |       |       |     3 |     4 |       ||     7
Invok: Berserk           |     1 |     2 |     6 |     8 |     1 |     1 ||    19
       Burn Spellbooks   |       |     1 |       |     3 |     2 |     1 ||     7
       Brothers in Arms  |       |       |       |     1 |     1 |     1 ||     3
       Trog's Hand       |       |       |       |       |     4 |     2 ||     6
Evoke: Wand              |       |       |       |       |     1 |       ||     1
  Use: Scroll            |       |       |    15 |     9 |    21 |     3 ||    48
       Potion            |       |       |       |       |       |     1 ||     1
  Eat: Chunk             |     1 |     5 |    14 |    18 |    32 |     9 ||    79
       Fruit             |       |       |     8 |     3 |     5 |       ||    16
       Royal jelly       |       |       |       |     1 |     4 |       ||     5
Armor: Ring mail         |    11 |    28 |   107 |       |       |       ||   146
       Plate armour      |       |       |    35 |   254 |   582 |   172 ||  1043
       Chain mail        |       |       |    22 |       |       |       ||    22
Dodge: Dodged            |    22 |    50 |   217 |   148 |   369 |   119 ||   925

Table legend:
 A = Spawn XP
 B = Non-spawn XP
 C = Spawn XP percentage of total XP
 D = Spawn monster count
 E = Non-spawn monster count
 F = Spawn count percentage of total count
 G = Total turns spent on level
                    A         B        C        D         E        F      G
               +---------+---------+-------+---------+---------+-------+---------
         Total |       0 |  212961 |   0.0 |       0 |     930 |   0.0 | 25029
               +---------+---------+-------+---------+---------+-------+---------
           D:1 |       0 |      50 |   0.0 |       0 |      19 |   0.0 |   637
           D:2 |       0 |      53 |   0.0 |       0 |      13 |   0.0 |   194
           D:3 |       0 |      46 |   0.0 |       0 |      22 |   0.0 |   755
           D:4 |       0 |     668 |   0.0 |       0 |      20 |   0.0 |  1041
           D:5 |       0 |    1326 |   0.0 |       0 |      53 |   0.0 |  1274
           D:6 |       0 |    1043 |   0.0 |       0 |      24 |   0.0 |   990
           D:7 |       0 |    1328 |   0.0 |       0 |      35 |   0.0 |  1323
           D:8 |       0 |    3361 |   0.0 |       0 |      32 |   0.0 |  1179
           D:9 |       0 |    3295 |   0.0 |       0 |      34 |   0.0 |  1449
          D:10 |       0 |    6027 |   0.0 |       0 |      32 |   0.0 |   569
          D:11 |       0 |    2466 |   0.0 |       0 |      15 |   0.0 |   573
          D:12 |       0 |    6102 |   0.0 |       0 |      26 |   0.0 |   996
          D:13 |       0 |   16475 |   0.0 |       0 |      63 |   0.0 |   850
          D:14 |       0 |   14333 |   0.0 |       0 |      45 |   0.0 |   715
          D:15 |       0 |   32589 |   0.0 |       0 |      67 |   0.0 |  1166
        Lair:1 |       0 |   11439 |   0.0 |       0 |      38 |   0.0 |  1265
        Lair:2 |       0 |    9250 |   0.0 |       0 |      29 |   0.0 |   838
        Lair:3 |       0 |    7351 |   0.0 |       0 |      35 |   0.0 |   871
        Lair:4 |       0 |    9281 |   0.0 |       0 |      46 |   0.0 |  1502
        Lair:5 |       0 |    7894 |   0.0 |       0 |      21 |   0.0 |   908
        Lair:6 |       0 |   21265 |   0.0 |       0 |      57 |   0.0 |  1695
         Orc:1 |       0 |    3324 |   0.0 |       0 |      29 |   0.0 |   611
         Orc:2 |       0 |   18725 |   0.0 |       0 |      52 |   0.0 |   821
      Depths:1 |       0 |   23465 |   0.0 |       0 |      33 |   0.0 |   765
           Lab |       0 |    1659 |   0.0 |       0 |       4 |   0.0 |  1017
         Sewer |       0 |     395 |   0.0 |       0 |      58 |   0.0 |   413
       Volcano |       0 |    9751 |   0.0 |       0 |      28 |   0.0 |   612
               +---------+---------+-------+---------+---------+-------+---------
